[Event "Portuguese-ch U14-20 2022"]
[Site "Fatima"]
[Date "2022.04.10"]
[Round "1.23"]
[White "Basilio, Rodrigo"]
[Black "Gaspar, Bernardo"]
[Result "1/2-1/2"]
[ECO "C50"]
[WhiteElo "1941"]
[BlackElo "1365"]
[Annotator "NA RC"]
[PlyCount "236"]
[EventDate "2022.04.10"]
[EventType "swiss"]
[EventCountry "POR"]
[SourceTitle "playchess.com"]
[Source "ChessBase"]
[SourceQuality "1"]
[TimeControl "5400+30"]

1. e4 e5 2. Nf3 Nc6 3. Bc4 Bc5 4. d3 h6 5. c3 Nf6 6. b4 Bb6 7. O-O d6 8. Re1 O-O 9. Nbd2 Ng4 10. Re2 Be6 11. h3 Nf6 12. Qb3 Qd7 $14 (12... Nh5 $5 ) 13. Nf1 Bxc4 14. Qxc4 Qe6 15. Qxe6 fxe6 16. N1d2 Nh5 17. Nc4 Nf4 18. Bxf4 Rxf4 19. a4 a6 20. Nxb6 cxb6 21. Rc1 Rc8 22. Rec2 Kf7 23. Nh2 Ke7 24. g3 Rf7 25. Ng4 d5 26. exd5 exd5 27. Re2 Kd6 28. Rce1 h5 29. Ne3 Rcf8 30. Nd1 Rf3 31. b5 axb5 32. axb5 Na7 33. Rxe5 Rxd3 34. Re6+ Kc5 35. Nb2 Rd2 36. Na4+ Kxb5 37. Rxb6+ Kc4 38. Rb4+ Kd3 39. Re3+ Kc2 40. Rb2+ Kd1 41. Rb1+ Kc2 42. Rb2+ Kd1 43. Rxd2+ Kxd2 44. Re5 Rd8 45. Rxh5 b5 46. Nb6 d4 47. cxd4 Rxd4 48. Nd5 b4 49. Nxb4 Rxb4 50. Rh7 Rb7 51. h4 Nc6 52. h5 Nd4 53. Kg2 Rf7 54. g4 Ne6 55. h6 Kd3 56. hxg7 Nxg7 57. Rh3+ Ke4 58. Re3+ Kd5 59. Kg3 Ne6 60. f3 Kd6 61. Ra3 Ke5 62. Ra5+ Kd6 63. g5 Ng7 64. Kg4 Ke6 65. f4 Rf8 66. Ra6+ Kf7 67. f5 Ne8 68. g6+ Kg7 69. Kg5 Kg8 70. Ra7 Nf6 71. Ra4 Kg7 72. Ra7+ Kg8 73. Re7 Ne8 74. Kh6 Kh8 75. f6 Nxf6 76. g7+ Kg8 77. gxf8=Q+ Kxf8 78. Ra7 Ke8 79. Kg6 Nd7 80. Kf5 Nf8 81. Ke5 Kd8 82. Kd6 Ke8 83. Re7+ Kd8 84. Ra7 Ke8 85. Ra2 Kf7 86. Rf2+ Ke8 87. Rf1 Ng6 88. Ke6 Nf8+ 89. Kf6 Nd7+ 90. Kg7 Ke7 91. Re1+ Kd6 92. Kf7 Ne5+ 93. Kf6 Nd7+ 94. Kf5 Nf8 95. Re2 Nd7 96. Re8 Nc5 97. Rd8+ Ke7 98. Rd5 Nd7 99. Ra5 Nf8 100. Ra7+ Ke8 101. Kf6 Nd7+ 102. Ke6 Nf8+ 103. Kd6 Ng6 104. Ra5 Nf8 105. Rf5 Ng6 106. Rf2 Nf8 107. Rf6 Nh7 108. Re6+ Kf7 109. Re7+ Kg6 110. Ke5 Kh6 111. Kf5 Nf8 112. Re8 Nh7 113. Rg8 Kh5 114. Rg6 Nf8 115. Rg7 Kh6 116. Kf6 Nh7+ 117. Kf7 Ng5+ 118. Kg8 Kh5 1/2-1/2

[Event "Portuguese-ch U14-20 2022"]
[Site "Fatima"]
[Date "2022.04.10"]
[Round "1.24"]
[White "Moldovan, Andre Dragos"]
[Black "Guia, Artur Solovyov Eloy"]
[Result "0-1"]
[ECO "A45"]
[WhiteElo "1369"]
[BlackElo "1932"]
[Annotator "NA RC"]
[PlyCount "56"]
[EventDate "2022.04.10"]
[EventType "swiss"]
[EventCountry "POR"]
[SourceTitle "playchess.com"]
[Source "ChessBase"]
[SourceQuality "1"]
[TimeControl "5400+30"]

1. d4 Nf6 2. Bf4 c5 3. c3 Qb6 4. b3 d5 5. Nf3 Nc6 6. e3 Bf5 7. Nbd2 e6 8. Be2 {[%emt 0:10:37] [#]} cxd4 $1 9. cxd4 {[#]} Bb4 ({Better is} 9... Ba3 $1 $17 10. Nh4 Be4) 10. a3 Bc3 11. Ra2 {[%emt 0:00:17] [#]} Ne4 $1 12. O-O Bxd2 13. Rxd2 Nxd2 14. Nxd2 O-O 15. b4 $19 Rac8 16. Nb3 Nxb4 17. Nc5 e5 18. Bxe5 Nc6 19. Bf4 Rfe8 20. Bg4 Bxg4 21. Qxg4 Ne7 22. h4 Qg6 23. Qf3 b6 24. Nd7 f6 25. Qh3 Qf5 26. Qxf5 Nxf5 27. Nb8 Rxb8 28. Bxb8 Rxb8 0-1

[Event "Portuguese-ch U14-20 2022"]
[Site "Fatima"]
[Date "2022.04.10"]
[Round "1.25"]
[White "Goncalves, Ruan Lucas Alves"]
[Black "Fernandes, Tiago Joao Carneiro"]
[Result "1-0"]
[ECO "D02"]
[WhiteElo "1963"]
[BlackElo "1336"]
[Annotator "NA RC"]
[PlyCount "75"]
[EventDate "2022.04.10"]
[EventType "swiss"]
[EventCountry "POR"]
[SourceTitle "playchess.com"]
[Source "ChessBase"]
[SourceQuality "1"]
[TimeControl "5400+30"]

1. d4 Nf6 2. Bf4 d5 3. Nf3 e6 4. e3 c5 5. c3 Nc6 6. Bd3 Bd7 7. Nbd2 h6 8. h3 c4 9. Bc2 b5 10. b4 (10. Ne5 $14) 10... Be7 11. O-O a5 12. a3 $1 O-O 13. Bh2 Qb6 14. Ne5 Nxe5 15. dxe5 Ne8 16. Nf3 f6 17. Nh4 $11 (17. Qd2 $14) 17... f5 18. Nf3 Nc7 19. Nd4 Na6 20. Qd2 Nb8 21. Bg3 Nc6 22. f4 Nxd4 23. exd4 Qd8 24. Qe3 h5 25. Qf3 h4 26. Bf2 Be8 27. Kh2 Bf7 28. Rg1 Kh8 29. g4 hxg3+ 30. Bxg3 Bh4 31. Qg2 Rg8 32. Bxh4 Qxh4 33. Qg3 Qxg3+ 34. Rxg3 axb4 35. cxb4 Bh5 36. Bd1 Bxd1 37. Rxd1 Rxa3 38. Rxa3 1-0

[Event "Portuguese-ch U14-20 2022"]
[Site "Fatima"]
[Date "2022.04.10"]
[Round "1.26"]
[White "Cabral, Guilherme"]
[Black "Ribeiro, Gustavo"]
[Result "0-1"]
[ECO "D45"]
[WhiteElo "1210"]
[BlackElo "1860"]
[Annotator "NA RC"]
[PlyCount "92"]
[EventDate "2022.04.10"]
[EventType "swiss"]
[EventCountry "POR"]
[SourceTitle "playchess.com"]
[Source "ChessBase"]
[SourceQuality "1"]
[TimeControl "5400+30"]

1. d4 d5 2. c4 c6 3. e3 Nf6 4. Nc3 e6 5. Nf3 Bd6 6. Be2 O-O 7. O-O Re8 8. b3 Nbd7 9. Bb2 b6 10. Rc1 Bb7 11. h3 Rc8 12. Qc2 c5 13. Rfd1 Qe7 14. dxc5 Nxc5 15. cxd5 Nxd5 16. Nxd5 Bxd5 17. Qd2 $2 (17. b4 $18) 17... Red8 18. b4 Na4 19. Rxc8 Rxc8 20. Ba3 Nc3 21. Ba6 Rc7 ({Much worse is} 21... Nxd1 $6 22. Bxc8 Qd8 23. Qxd1 $11) 22. Rc1 Nxa2 23. Rxc7 Qxc7 ({Don't take} 23... Bxc7 24. e4 Bxe4 25. Qxa2 $16) 24. e4 {[#]} Bxe4 ({Black should play} 24... Bb3 $1 $17 25. Nd4 Bc4 26. Bxc4 Qxc4) 25. Qxa2 Bxf3 26. gxf3 Qc3 27. Be2 Qe5 28. Bd3 Qh2+ 29. Kf1 Qxh3+ 30. Ke2 Qh4 31. b5 $2 {[#]} (31. Qc2 $16 {stays on course.} g6 32. Qc8+ Kg7 33. Bb2+ e5 34. b5) 31... Qa4 $1 32. Bxh7+ Kh8 33. Qb1 Qxa3 34. Bd3 g6 35. Qc2 Qc5 36. Qa2 Qe5+ 37. Kf1 Qd4 38. Be4 Bc5 39. Kg2 Kg7 40. Bc6 g5 41. Kg3 $2 (41. Be4 $17 {is tougher.}) 41... Qh4+ (41... a5 $142 42. Kg2 a4) 42. Kg2 g4 43. Qa1+ $19 (43. Qb2+ $17 {keeps fighting.} Kg8 44. fxg4) 43... Kf8 44. Qb2 Qh3+ 45. Kg1 g3 46. f4 gxf2+ 0-1

[Event "Portuguese-ch U14-20 2022"]
[Site "Fatima"]
[Date "2022.04.10"]
[Round "1.27"]
[White "Bartolo, Filipe Diogo Correia"]
[Black "Cabete, Manuel"]
[Result "1/2-1/2"]
[ECO "A05"]
[WhiteElo "1869"]
[BlackElo "1233"]
[Annotator "NA RC"]
[PlyCount "53"]
[EventDate "2022.04.10"]
[EventType "swiss"]
[EventCountry "POR"]
[SourceTitle "playchess.com"]
[Source "ChessBase"]
[SourceQuality "1"]
[TimeControl "5400+30"]

1. Nf3 Nf6 2. g3 d5 3. Bg2 g6 4. O-O Bg7 5. d3 O-O 6. Nbd2 Nbd7 7. c4 c6 8. Rb1 a5 9. b3 Re8 10. Qc2 e5 11. cxd5 Nxd5 12. a3 Nc7 $14 (12... Qe7 $11 {should be considered.}) 13. Nc4 Nb5 14. b4 axb4 15. axb4 Nb6 16. Bb2 Nxc4 17. dxc4 Na3 18. Bxa3 Rxa3 19. Qb2 Ra7 20. Rfd1 Qe7 21. e4 Bg4 22. c5 Bxf3 23. Bxf3 Raa8 24. Be2 Red8 25. Bc4 Rxd1+ 26. Rxd1 Rd8 27. Ra1 1/2-1/2

[Event "Portuguese-ch U14-20 2022"]
[Site "Fatima"]
[Date "2022.04.10"]
[Round "1.28"]
[White "Bento, David"]
[Black "Pacetti Terra, Nicolas"]
[Result "1/2-1/2"]
[ECO "C90"]
[WhiteElo "1282"]
[BlackElo "1756"]
[Annotator "NA RC"]
[PlyCount "94"]
[EventDate "2022.04.10"]
[EventType "swiss"]
[EventCountry "POR"]
[SourceTitle "playchess.com"]
[Source "ChessBase"]
[SourceQuality "1"]
[TimeControl "5400+30"]

1. e4 e5 2. Nf3 Nc6 3. Bb5 a6 4. Ba4 Nf6 5. d3 b5 6. Bb3 Be7 7. O-O O-O 8. Re1 d6 9. c3 Bb7 10. Nbd2 Na5 11. Bc2 c5 12. Nf1 Re8 13. Ne3 g6 14. Ng5 h6 15. Nh3 Bc8 16. Qf3 b4 17. Bd1 Bf8 18. Qg3 Bg7 19. Nf5 gxf5 20. Bxh6 Ng4 21. Bxg7 f4 22. Nxf4 exf4 23. Qxf4 Kxg7 24. Bxg4 Qf6 25. Qxf6+ Kxf6 26. Bxc8 Raxc8 27. f4 Nc6 28. Kf2 Rb8 29. g4 bxc3 30. bxc3 Rb2+ 31. Re2 Rh8 32. Rh1 Rxe2+ 33. Kxe2 Rh3 34. Kd2 Rf3 35. h4 Rxf4 36. g5+ Kg6 37. h5+ Kxg5 38. h6 Ne5 39. h7 Ng6 40. h8=Q Nxh8 41. Rxh8 Rf2+ 42. Ke3 Rxa2 43. Rd8 f5 44. exf5 Kxf5 45. Rxd6 Ke5 46. Rd8 Ra3 47. c4 Ra5 1/2-1/2

[Event "Portuguese-ch U14-20 2022"]
[Site "Fatima"]
[Date "2022.04.10"]
[Round "1.29"]
[White "Korotkyi, Daniyil"]
[Black "Torres Rodero, Francisco"]
[Result "1-0"]
[ECO "B40"]
[WhiteElo "1726"]
[BlackElo "2048"]
[Annotator "RC"]
[PlyCount "57"]
[EventDate "2022.04.10"]
[EventType "swiss"]
[EventCountry "POR"]
[SourceTitle "playchess.com"]
[Source "ChessBase"]
[SourceQuality "1"]
[TimeControl "5400+30"]

1. e4 c5 2. Nf3 e6 3. c3 Nc6 4. Bb5 a6 5. Bxc6 bxc6 6. d3 Nf6 7. e5 Nd5 8. c4 Nc7 9. Ng5 Be7 10. Qh5 g6 11. Qg4 f6 12. exf6 Bxf6 13. Ne4 Qe7 14. Qf4 O-O 15. Qxc7 Bd4 16. O-O Qh4 17. Qg3 Qh5 18. Qg5 Qe2 19. Qd2 Qg4 20. h3 Qf5 21. Qg5 Qf7 22. Qg3 d5 23. Nd6 Qg7 24. Nxc8 Raxc8 25. Nc3 Be5 26. Qg4 Rf5 27. Bd2 Rcf8 28. Qe2 Bg3 29. fxg3 1-0

[Event "Portuguese-ch U14-20 2022"]
[Site "Fatima"]
[Date "2022.04.10"]
[Round "1.30"]
[White "Reis, Pedro"]
[Black "Paiva, Rodrigo Garcia"]
[Result "0-1"]
[ECO "A05"]
[WhiteElo "1211"]
[BlackElo "1667"]
[Annotator "NA RC"]
[PlyCount "52"]
[EventDate "2022.04.10"]
[EventType "swiss"]
[EventCountry "POR"]
[SourceTitle "playchess.com"]
[Source "ChessBase"]
[SourceQuality "1"]
[TimeControl "5400+30"]

1. Nf3 Nf6 2. d4 d5 3. c4 g6 4. e3 Bg7 5. Be2 O-O 6. O-O Ne4 7. b3 c5 8. Bb2 Nc6 9. Nbd2 Bf5 10. Rc1 b6 11. h3 h5 12. cxd5 Qxd5 13. Nxe4 Bxe4 14. Rc4 cxd4 15. Nxd4 Nxd4 16. Bxd4 Bxg2 17. Bxg7 Kxg7 18. Rd4 Qc6 19. Rc4 Qb7 20. Qa1+ Kg8 21. Rfc1 Bxh3 22. Bf1 Bxf1 23. Kxf1 Rfd8 24. Qe5 Rd2 25. Ke1 Rad8 26. e4 Qd7 0-1

[Event "Portuguese-ch U14-20 2022"]
[Site "Fatima"]
[Date "2022.04.10"]
[Round "1.31"]
[White "Veleirinho, Tomas Carvalho"]
[Black "Mendes, Simao Pedro Garcia"]
[Result "1-0"]
[ECO "C10"]
[WhiteElo "1641"]
[BlackElo "1147"]
[Annotator "NA RC"]
[PlyCount "45"]
[EventDate "2022.04.10"]
[EventType "swiss"]
[EventCountry "POR"]
[SourceTitle "playchess.com"]
[Source "ChessBase"]
[SourceQuality "1"]
[TimeControl "5400+30"]

1. e4 e6 2. d4 d5 3. Nd2 dxe4 4. Nxe4 Nd7 5. Nf3 Ngf6 6. Nxf6+ Nxf6 7. g3 b6 8. Bg2 Bb7 9. O-O c5 10. Be3 Qc7 11. Qe2 Nd5 12. dxc5 Bxc5 13. Bxc5 Qxc5 14. Ne5 Qc7 15. Qb5+ Ke7 16. Rfe1 a6 17. Qb3 Nf6 18. Qb4+ Ke8 19. Bxb7 Qxb7 20. Nc4 Nd5 21. Nd6+ Kd7 22. Qa3 Qc6 23. Nxf7 1-0

[Event "Portuguese-ch U14-20 2022"]
[Site "Fatima"]
[Date "2022.04.10"]
[Round "1.32"]
[White "Lachever, Diogo Freire"]
[Black "Coelho, Goncalo Cavaz"]
[Result "1-0"]
[ECO "A40"]
[WhiteElo "1182"]
[BlackElo "1680"]
[Annotator "NA RC"]
[PlyCount "101"]
[EventDate "2022.04.10"]
[EventType "swiss"]
[EventCountry "POR"]
[SourceTitle "playchess.com"]
[Source "ChessBase"]
[SourceQuality "1"]
[TimeControl "5400+30"]

1. d4 e6 2. Nf3 Nf6 3. g3 d5 4. Bg2 Bb4+ 5. Bd2 Be7 6. O-O O-O 7. a3 Ne4 8. Bb4 c5 9. dxc5 a5 10. Bc3 Nxc3 11. Nxc3 Bxc5 12. e3 Nc6 13. Qd2 b6 14. Nd4 Nxd4 15. exd4 Be7 16. Nb5 a4 17. Rfe1 Ba6 18. Nc3 Qd7 19. Na2 Bc4 20. Bf1 Bf6 21. Bxc4 dxc4 22. Rad1 Rfd8 23. c3 Ra5 24. Nb4 Rh5 25. f4 Qb7 26. Qg2 Qxg2+ 27. Kxg2 Rb5 28. Re2 e5 29. Rde1 Kf8 30. fxe5 Be7 31. h4 h5 32. Rf1 Bxb4 33. axb4 Ra8 34. Ref2 Ra7 35. Rf5 Kg8 36. Rxh5 a3 37. bxa3 Rxa3 38. Rf3 Ra2+ 39. Kh3 Ra3 40. Rhf5 Ra7 41. h5 Rd5 42. g4 Rdd7 43. g5 Kh7 44. Kh4 Re7 45. Rg3 Ra1 46. g6+ fxg6 47. hxg6+ Kg8 48. Kh3 Rd1 49. Rgf3 Re8 50. e6 Rg1 51. e7 1-0

[Event "Portuguese-ch U14-20 2022"]
[Site "Fatima"]
[Date "2022.04.11"]
[Round "2.1"]
[White "Martins, Bruno Andre Leite"]
[Black "Leao, Tiago Miguel Da Silv"]
[Result "1-0"]
[ECO "B47"]
[WhiteElo "2323"]
[BlackElo "2131"]
[Annotator "RC"]
[PlyCount "61"]
[EventDate "2022.04.10"]
[EventType "swiss"]
[EventCountry "POR"]
[SourceTitle "playchess.com"]
[Source "ChessBase"]
[SourceQuality "1"]
[TimeControl "5400+30"]

1. e4 c5 2. Nf3 e6 3. Nc3 Nc6 4. d4 cxd4 5. Nxd4 Qc7 6. f4 d6 7. Be3 a6 8. Qf3 e5 9. Nd5 Qa5+ 10. b4 Qa3 11. Nxc6 bxc6 12. Nc7+ Kd8 13. Nxa8 Qc3+ 14. Kf2 Qxa1 15. Bb6+ Ke7 16. Bc4 Qb2 17. fxe5 Qxc2+ 18. Be2 Be6 19. Rd1 Nh6 20. exd6+ Kd7 21. h3 f5 22. e5 Nf7 23. Bd4 Ng5 24. Nb6+ Kd8 25. Qe3 Ne4+ 26. Kg1 g5 27. Rc1 Qxa2 28. Ra1 Qb3 29. Qxb3 Bxb3 30. Rxa6 Ke8 31. Bh5+ 1-0

[Event "Portuguese-ch U14-20 2022"]
[Site "Fatima"]
[Date "2022.04.11"]
[Round "2.2"]
[White "Voges, Guilherme"]
[Black "Machado, Tomas Dias"]
[Result "0-1"]
[ECO "A00"]
[WhiteElo "1657"]
[BlackElo "2030"]
[Annotator "RC"]
[PlyCount "92"]
[EventDate "2022.04.10"]
[EventType "swiss"]
[EventCountry "POR"]
[SourceTitle "playchess.com"]
[Source "ChessBase"]
[SourceQuality "1"]
[TimeControl "5400+30"]

1. g3 Nf6 2. Bg2 d5 3. d3 e6 4. Nf3 Be7 5. c4 O-O 6. cxd5 exd5 7. O-O h6 8. Bf4 c6 9. Nc3 Bf5 10. Re1 Na6 11. a3 d4 12. Nb1 Nc5 13. b4 Ne6 14. Be5 Ng4 15. h3 Nxe5 16. Nxe5 a5 17. b5 f6 18. g4 fxe5 19. gxf5 Rxf5 20. Qb3 Qd7 21. bxc6 bxc6 22. Nd2 Kh8 23. Rac1 Rc8 24. Ne4 c5 25. Ng3 Rg5 26. Bf3 Nf4 27. Bg2 Nxh3+ 28. Kh2 Nxf2 29. Rf1 Ng4+ 30. Kg1 Ne3 31. Rf3 h5 32. Rxe3 dxe3 33. Ne4 Rg6 34. Qf7 Qg4 35. Qf3 Qxf3 36. exf3 Rb8 37. Rc2 Rb3 38. Nc3 Rxa3 39. Nd5 Bg5 40. Kf1 Rxd3 41. f4 exf4 42. Rxc5 Rd2 43. Be4 Rd6 44. Nxf4 Rf2+ 45. Ke1 Rxf4 46. Rxg5 Rxe4 0-1

[Event "Portuguese-ch U14-20 2022"]
[Site "Fatima"]
[Date "2022.04.11"]
[Round "2.3"]
[White "Monteiro, Paulo Alexandre G"]
[Black "Oliveira, Beatriz Correia"]
[Result "1-0"]
[ECO "A08"]
[WhiteElo "2032"]
[BlackElo "1558"]
[Annotator "RC"]
[PlyCount "93"]
[EventDate "2022.04.10"]
[EventType "swiss"]
[EventCountry "POR"]
[SourceTitle "playchess.com"]
[Source "ChessBase"]
[SourceQuality "1"]
[TimeControl "5400+30"]

1. Nf3 d5 2. g3 c5 3. Bg2 Nc6 4. O-O Nf6 5. d3 Bf5 6. Nbd2 e6 7. c3 Be7 8. a3 O-O 9. b4 a6 10. Nb3 cxb4 11. axb4 h6 12. Nfd4 Nxd4 13. Nxd4 Bg6 14. f4 Rc8 15. Bd2 Qb6 16. Qa4 Bh5 17. Kh1 Rfe8 18. Rfb1 Bd8 19. Ra2 Bc7 20. Be3 Qd6 21. b5 a5 22. Qa3 Qxa3 23. Rxa3 Bb6 24. Rb2 e5 25. Nf5 Bxe3 26. Nxe3 exf4 27. Nxd5 Nxd5 28. Bxd5 b6 29. gxf4 Rxe2 30. Rxe2 Bxe2 31. c4 Kf8 32. Kg1 Bh5 33. Kf2 Ke7 34. Ra1 Bg6 35. d4 Bd3 36. Ke3 Bc2 37. Rc1 Bb3 38. Bc6 Kd8 39. c5 Kc7 40. Rg1 g6 41. Kd2 Rd8 42. Kc3 Be6 43. Re1 bxc5 44. dxc5 Rb8 45. Ra1 a4 46. Rxa4 Rd8 47. Ra7+ 1-0

[Event "Portuguese-ch U14-20 2022"]
[Site "Fatima"]
[Date "2022.04.11"]
[Round "2.4"]
[White "Paiva, Manuel Maria Fonseca"]
[Black "Ribeiro, Orlando"]
[Result "0-1"]
[ECO "C01"]
[WhiteElo "1370"]
[BlackElo "1945"]
[Annotator "RC"]
[PlyCount "34"]
[EventDate "2022.04.10"]
[EventType "swiss"]
[EventCountry "POR"]
[SourceTitle "playchess.com"]
[Source "ChessBase"]
[SourceQuality "1"]
[TimeControl "5400+30"]

1. e4 e6 2. d4 d5 3. exd5 exd5 4. Bd3 Bd6 5. Ne2 Qf6 6. O-O Ne7 7. c3 Nbc6 8. Ng3 h5 9. Re1 Bg4 10. Qc2 O-O-O 11. h3 h4 12. Nf1 Be6 13. b4 g5 14. Ne3 Rdg8 15. Ng4 Bxg4 16. hxg4 h3 17. g3 Qf3 0-1

[Event "Portuguese-ch U14-20 2022"]
[Site "Fatima"]
[Date "2022.04.11"]
[Round "2.6"]
[White "Oliveira, Daniela Sousa"]
[Black "Marques, Joao Goncalo B A"]
[Result "0-1"]
[ECO "A13"]
[WhiteElo "1272"]
[BlackElo "1418"]
[Annotator "NA RC"]
[PlyCount "84"]
[EventDate "2022.04.10"]
[EventType "swiss"]
[EventCountry "POR"]
[SourceTitle "playchess.com"]
[Source "ChessBase"]
[SourceQuality "1"]
[TimeControl "5400+30"]

1. c4 e6 2. Nc3 d5 3. cxd5 exd5 4. d4 Nf6 5. Nf3 c6 6. Bd2 Bd6 7. e3 O-O 8. Bd3 Bg4 9. O-O Qc7 10. g3 Re8 11. Rc1 Qd7 12. Be2 Na6 13. a3 Bf5 14. Na4 h6 15. Nc5 Nxc5 16. dxc5 Bc7 17. Bc3 Ne4 18. Bd3 Rad8 19. Qc2 Bg6 20. Rfd1 Qg4 21. Qe2 Bh5 22. Nd4 Qh3 23. Qf1 Qd7 24. Be2 Bg6 25. Nf3 Nxc5 26. Bxg7 Nb3 27. Rc3 Kxg7 28. Rxb3 Bc2 29. Rxb7 Bxd1 30. Qxd1 c5 31. Bb5 Qc8 32. Rxc7 Qxc7 33. Bxe8 Rxe8 34. Qxd5 Rb8 35. Qd2 Qb6 36. Qc3+ Kg8 37. Ne5 Qxb2 38. Qxc5 Qb1+ 39. Kg2 Qf5 40. Qxa7 Qxe5 41. Qd4 Qxd4 42. exd4 Rd8 0-1

[Event "Portuguese-ch U14-20 2022"]
[Site "Fatima"]
[Date "2022.04.11"]
[Round "2.7"]
[White "Teves, Pedro"]
[Black "Lanca, Luis"]
[Result "1/2-1/2"]
[ECO "D30"]
[WhiteElo "1390"]
[BlackElo "1316"]
[Annotator "NA RC"]
[PlyCount "92"]
[EventDate "2022.04.10"]
[EventType "swiss"]
[EventCountry "POR"]
[SourceTitle "playchess.com"]
[Source "ChessBase"]
[SourceQuality "1"]
[TimeControl "5400+30"]

1. d4 d5 2. c4 e6 3. Nf3 Nf6 4. g3 c5 5. cxd5 exd5 6. Bg2 Nc6 7. O-O cxd4 8. Nxd4 Bc5 9. Nb3 Bb6 10. Bg5 h6 11. Bxf6 Qxf6 12. Nc3 O-O 13. Qxd5 Be6 14. Qf3 Qe5 15. Qe4 Qf6 16. Qf3 Qg6 17. Qd3 Qxd3 18. exd3 Rad8 19. Rad1 Rd7 20. Rd2 Rfd8 21. Nc1 Ne5 22. a3 Nxd3 23. Nxd3 Rxd3 24. Rxd3 Rxd3 25. Rd1 Rxd1+ 26. Nxd1 Bc8 27. Nc3 Kf8 28. Kf1 Bd4 29. Ke2 b6 30. f4 Ba6+ 31. Kd2 Bg1 32. h3 Ke7 33. b4 Kd6 34. Ne2 Bf2 35. Nc3 f5 36. g4 Bc8 37. gxf5 Bxf5 38. Ne4+ Bxe4 39. Bxe4 Bg3 40. Ke3 Be1 41. b5 Bc3 42. a4 Bb2 43. Bc2 g5 44. Ke4 Bc1 45. fxg5 hxg5 46. Kf5 Ke7 1/2-1/2

[Event "Portuguese-ch U14-20 2022"]
[Site "Fatima"]
[Date "2022.04.11"]
[Round "2.8"]
[White "Quinta, Diogo Manuel Rodrigu"]
[Black "Maciel, Rafael"]
[Result "0-1"]
[ECO "C50"]
[WhiteElo "1127"]
[BlackElo "1665"]
[Annotator "NA RC"]
[PlyCount "98"]
[EventDate "2022.04.10"]
[EventType "swiss"]
[EventCountry "POR"]
[SourceTitle "playchess.com"]
[Source "ChessBase"]
[SourceQuality "1"]
[TimeControl "5400+30"]

1. e4 e5 2. Nc3 Nf6 3. Bc4 Bc5 4. Nf3 Nc6 5. d3 h6 6. Bd2 d6 7. h3 Be6 8. b3 a6 9. a4 Bb4 10. O-O Qd7 11. Qe2 O-O 12. Rfc1 Nh5 13. Nxe5 dxe5 14. Bxe6 fxe6 15. Qxh5 Qd4 16. Bxh6 Qxf2+ 17. Kh1 Bxc3 18. Qg6 Qf6 19. Qxf6 Rxf6 20. Bg5 Rf2 21. Rf1 Bxa1 22. Rxf2 Rf8 23. Re2 Nd4 24. Rd2 Bc3 25. Rd1 Rf2 26. Be3 Rxc2 27. Bxd4 Bxd4 28. g4 Be3 29. h4 Rc1 30. Rxc1 Bxc1 31. h5 Bf4 32. Kg2 g6 33. Kf1 gxh5 34. gxh5 Bd2 35. Ke2 Bc3 36. h6 Kh7 37. Kd1 Kxh6 38. Ke2 Kg5 39. Kd1 Kf4 40. Ke2 Bd4 41. Kd2 Kf3 42. b4 b6 43. b5 a5 44. Kc2 Ke3 45. Kb3 Kxd3 46. Ka2 Kxe4 47. Kb1 Kd3 48. Kc1 Bc3 49. Kb1 e4 0-1

[Event "Portuguese-ch U14-20 2022"]
[Site "Fatima"]
[Date "2022.04.11"]
[Round "2.9"]
[White "Cunha, Alexandre Rodrigo Vi"]
[Black "Rodrigues, Guilherme Eufrasio"]
[Result "1-0"]
[ECO "B22"]
[WhiteElo "1603"]
[BlackElo "1171"]
[Annotator "NA RC"]
[PlyCount "91"]
[EventDate "2022.04.10"]
[EventType "swiss"]
[EventCountry "POR"]
[SourceTitle "playchess.com"]
[Source "ChessBase"]
[SourceQuality "1"]
[TimeControl "5400+30"]

1. e4 c5 2. c3 d5 3. e5 Nc6 4. d4 Bf5 5. f4 cxd4 6. cxd4 Be4 7. Nc3 e6 8. a3 Nh6 9. Be3 Qb6 10. Qd2 Be7 11. Bb5 Nf5 12. Bxc6+ bxc6 13. Nxe4 dxe4 14. Bf2 O-O 15. g4 Nh4 16. Be3 Rab8 17. b4 Qa6 18. Qb2 Rfc8 19. Rc1 Qb5 20. Kf2 a5 21. Bd2 axb4 22. axb4 Bxb4 23. Ne2 Bxd2 24. Qxd2 Nf3 25. Qe3 Qb3 26. Qxe4 Nd2 27. Qe3 Qxe3+ 28. Kxe3 Nb3 29. Rc3 c5 30. dxc5 Rxc5 31. Rb1 Rxc3+ 32. Nxc3 h6 33. Ne4 Kh7 34. Nd2 g5 35. Rxb3 gxf4+ 36. Kxf4 Rd8 37. Ne4 Rd1 38. Nd6 Rf1+ 39. Rf3 Rxf3+ 40. Kxf3 Kg6 41. Kf4 Kg7 42. h4 Kg8 43. g5 hxg5+ 44. Kxg5 Kg7 45. h5 Kg8 46. Kf6 1-0

[Event "Portuguese-ch U14-20 2022"]
[Site "Fatima"]
[Date "2022.04.11"]
[Round "2.10"]
[White "Sismeiro, Miguel"]
[Black "Goncalves, Samuel Jesus P"]
[Result "1/2-1/2"]
[ECO "B12"]
[WhiteElo "2201"]
[BlackElo "1807"]
[Annotator "RC"]
[PlyCount "94"]
[EventDate "2022.04.10"]
[EventType "swiss"]
[EventCountry "POR"]
[SourceTitle "playchess.com"]
[Source "ChessBase"]
[SourceQuality "1"]
[TimeControl "5400+30"]

1. e4 c6 2. d4 d5 3. f3 dxe4 4. fxe4 e5 5. Nf3 Bg4 6. c3 Nd7 7. Bd3 Ngf6 8. Nbd2 Bd6 9. Nc4 Qc7 10. h3 Bh5 11. O-O O-O 12. Bg5 b5 13. Ncd2 c5 14. d5 c4 15. Bc2 h6 16. Bxf6 Nxf6 17. g4 Qc5+ 18. Kh1 Bg6 19. Nh4 Qe3 20. Rf3 Qg5 21. Nf5 Bxf5 22. Rxf5 Qh4 23. Kg2 g6 24. Rf1 Nh7 25. Nf3 Qe7 26. Qd2 Kg7 27. b3 Ng5 28. Nxg5 Qxg5 29. Qxg5 hxg5 30. bxc4 Rfc8 31. Bb3 a5 32. a4 bxc4 33. Bc2 Rab8 34. Rfb1 Rxb1 35. Rxb1 Rb8 36. Rxb8 Bxb8 37. Bb1 Bd6 38. Kf3 Ba3 39. Ke2 Bc5 40. Ba2 f5 41. Bb1 f4 42. Ba2 Kf6 43. Bxc4 Ke7 44. Bb5 Bb6 45. Bc6 Bc5 46. Bb5 Bb6 47. Bc6 Bc5 1/2-1/2

[Event "Portuguese-ch U14-20 2022"]
[Site "Fatima"]
[Date "2022.04.11"]
[Round "2.11"]
[White "Abdurramane, Danial Germano"]
[Black "Simoes, Miguel Patricio"]
[Result "1-0"]
[ECO "A46"]
[WhiteElo "1772"]
[BlackElo "2001"]
[Annotator "RC"]
[PlyCount "59"]
[EventDate "2022.04.10"]
[EventType "swiss"]
[EventCountry "POR"]
[SourceTitle "playchess.com"]
[Source "ChessBase"]
[SourceQuality "1"]
[TimeControl "5400+30"]

1. d4 Nf6 2. Nf3 e6 3. e3 b6 4. Bd3 Bb7 5. b3 Be7 6. Bb2 O-O 7. Nbd2 c5 8. c4 d6 9. O-O Nbd7 10. Qe2 Qc7 11. Ng5 h6 12. Nge4 Nxe4 13. Nxe4 Qc6 14. f4 f5 15. Ng3 Nf6 16. d5 exd5 17. Nxf5 Qd7 18. cxd5 Bxd5 19. Qc2 Qe6 20. Rae1 Bb7 21. e4 Qd7 22. e5 Nh5 23. Nxh6+ Kh8 24. e6 Qc6 25. Nf7+ Rxf7 26. exf7 Bh4 27. Bg6 Nf6 28. Bxf6 gxf6 29. Re8+ Kg7 30. f8=Q# 1-0

[Event "Portuguese-ch U14-20 2022"]
[Site "Fatima"]
[Date "2022.04.11"]
[Round "2.12"]
[White "Pipiras, Filipa Fortuna"]
[Black "Fonseca, Pedro Miguel Ramos"]
[Result "1-0"]
[ECO "A05"]
[WhiteElo "2000"]
[BlackElo "1788"]
[Annotator "RC"]
[PlyCount "51"]
[EventDate "2022.04.10"]
[EventType "swiss"]
[EventCountry "POR"]
[SourceTitle "playchess.com"]
[Source "ChessBase"]
[SourceQuality "1"]
[TimeControl "5400+30"]

1. Nf3 Nf6 2. e3 e6 3. b3 b6 4. Bb2 Bb7 5. d4 d5 6. Bd3 Bd6 7. O-O O-O 8. c4 dxc4 9. bxc4 c5 10. Nbd2 cxd4 11. exd4 Nbd7 12. a3 Re8 13. Re1 Qc7 14. h3 Rad8 15. Rc1 Bf4 16. Be2 Nc5 17. Rc2 Nfe4 18. dxc5 Nxf2 19. Kxf2 Bg3+ 20. Kg1 Qxc5+ 21. Kh1 Qe3 22. Rf1 Be4 23. Rc3 Qh6 24. Qa4 Bf5 25. Bc1 Bxh3 26. Ne4 1-0